 Seeded DCSS version 0.30.0-10-gfe55d96785 (webtiles) character file.

Game seed: 6734660168287697571 (custom seed)

2323 Pimp the Skirmisher (level 9, -2/46 HPs)
             Began as a Deep Elf Hunter on May 13, 2023.
             Was a Believer of Hepliaklqana.
             Slain by Prince Ribbit (6 damage)
             ... on level 7 of the Dungeon.
             The game lasted 00:14:52 (4421 turns).

Pimp the Skirmisher (Deep Elf Hunter)               Turns: 4421, Time: 00:14:53

Health: -2/46      AC: 16    Str:  8    XL:     9   Next: 19%
Magic:  20/20      EV: 11    Int: 15    God:    Hepliaklqana [**....]
Gold:   1126       SH:  0    Dex: 22    Spells: 8/8 levels left

rFire   + . .        a - +0 shortbow
rCold   . . .        (shield currently unavailable)
rNeg    . . .        e - +4 scale mail {rF+}
rPois   .            s - +2 helmet
rElec   +            (no cloak)
rCorr   +            d - +2 pair of gloves
SInv    .            (no boots)
Will    .....        o - amulet of faith
Stlth   +++          p - ring of resist corrosion
HPRegen 0.00/turn    j - ring of magical power
MPRegen 0.17/turn

%: faith
@: mighty, inhibited regen, hasted, very quick
A: reduced essence, electricity resistance, inhibited regeneration
a: Renounce Religion, Recall Ancestor, Ancestor Identity


You were on level 7 of the Dungeon.
You worshipped Hepliaklqana.
Hepliaklqana was pleased with you.
You visited 2 branches of the dungeon, and saw 8 of its levels.
You also visited: Sewer.

You collected 1126 gold pieces.

Inventory:

Hand Weapons
 a - a +0 shortbow (weapon)
 k - a +1 dagger of venom
Armour
 c - a +0 leather armour
 d - a +2 pair of gloves (worn)
 e - a +4 scale mail of fire resistance (worn)
 s - a +2 helmet (worn)
Jewellery
 j - a ring of magical power (right hand)
 o - an amulet of faith (around neck)
 p - a ring of resist corrosion (left hand)
Wands
 m - a wand of roots (3)
Scrolls
 b - 3 scrolls of immolation
 f - a scroll of poison
 n - a scroll of identify
 q - a scroll of fog
Potions
 g - a potion of magic
 i - a potion of cancellation
 l - 3 potions of flight
 t - a potion of brilliance


   Skills:
 + Level 4.7 Fighting
 + Level 1.3 Short Blades
 * Level 11.3 Ranged Weapons
 + Level 7.0 Dodging
 + Level 7.1 Stealth


You had 8 spell levels left.
You didn't know any spells.
Your spell library contained the following spells:

 Spells                   Type           Power      Damage    Failure   Level
 Cigotuvi's Dreadful Rot  Necr/Pois/Air  0%         N/A       99%         2
 Ensorcelled Hibernation  Hex/Ice        0%         N/A       99%         2
 Passwall                 Tmut/Erth      0%         N/A       99%         2
 Swiftness                Air            0%         N/A       100%        3
 Tukima's Dance           Hex            0%         N/A       100%        3
 Dispel Undead            Necr           0%         3d6       100%        4
 Passage of Golubria      Tloc           0%         N/A       100%        4
 Yara's Violent Unravell  Hex/Tmut       0%         3d3       100%        5
 Death Channel            Necr           0%         N/A       100%        6


Dungeon Overview and Level Annotations

Branches:
Dungeon (6/15)             Temple (1/1) D:4           Sewer (visited)

Altars:
Ashenzari
Cheibriados
Dithmenos
Elyvilon
Gozag
Hepliaklqana
Kikubaaqudgha
Makhleb
Nemelex Xobeh
Sif Muna
Trog
Uskayaw
Vehumet
Wu Jian
Xom
Yredelemnul
The Shining One

Annotations:
D:7 Prince Ribbit


Innate Abilities, Weirdness & Mutations

Your life essence is reduced to manifest your ancestor. (-10% HP)
You are resistant to electric shocks. (rElec)
You do not regenerate when monsters are visible.


Message History

Okay, then.
Okay, then.
You puncture Prince Ribbit!
Prince Ribbit looks as sick as possible!
Prince Ribbit is moderately wounded.
You hit Prince Ribbit.
Prince Ribbit looks as sick as possible!
Prince Ribbit is heavily wounded.
Prince Ribbit hits you but does no damage.
Your +1 dagger of venom stops dripping with poison.
a - a +0 shortbow (weapon)
Prince Ribbit barely misses you.
Fire: a) +0 shortbow
Press: ? - help, Q - select action, (/) - cycle Shift-Dir - straight line, f - Prince Ribbit
Aim: Prince Ribbit (heavily wounded, extremely poisoned, 54% to hit)
You shoot an arrow. The arrow barely misses Prince Ribbit.
Prince Ribbit blinks!
Prince Ribbit blinks!
You start resting.
Prince Ribbit is nearby!
You are too injured to fight recklessly!
Fire: a) +0 shortbow
Press: ? - help, Q - select action, (/) - cycle Shift-Dir - straight line, f/p - Prince Ribbit
Aim: Prince Ribbit (severely wounded, very poisoned, 54% to hit)
You shoot an arrow. The arrow barely misses Prince Ribbit.
Fire: a) +0 shortbow
Press: ? - help, Q - select action, (/) - cycle Shift-Dir - straight line, f/p - Prince Ribbit
Aim: Prince Ribbit (almost dead, very poisoned, 54% to hit)
You shoot an arrow. The arrow hits Prince Ribbit.
Prince Ribbit is almost dead.
Prince Ribbit hops awkwardly around.
Fire: a) +0 shortbow
Press: ? - help, Q - select action, (/) - cycle Shift-Dir - straight line, f/p - Prince Ribbit
Aim: Prince Ribbit (almost dead, very poisoned, 54% to hit)
You shoot an arrow.
The arrow hits Prince Ribbit but does no damage.
Prince Ribbit is almost dead.
Prince Ribbit lets out a mournful croak.
Prince Ribbit hits you.
You die...

##.....##..#
#.......#..#
#.#.......#..#
#....._......#
.#.......#.##
#.....F.#.#
##.....##.#
###.####.#
......F@.#
....#..###
##..... #..###
#. ## # .. .#
.# .. ####.#
.#


You could see Prince Ribbit (very poisoned).

Vanquished Creatures
  Pikel (D:5)
  2 yaks (D:7)
  Edmund (D:5)
  A water moccasin (Sewer)
  An ogre (D:5)
  A phantom (D:5)
  2 lemures
  A bullfrog (D:6)
  3 scorpions
  5 wights (D:6)
  A howler monkey (D:7)
  2 hounds
  A jelly (D:5)
  2 iguanas
  Natasha (thrice) (D:2)
  An orc wizard (D:4)
  6 adders
  A worm (D:2)
  3 dart slugs
  14 orcs
  7 ball pythons
  5 bats
  4 endoplasms
  10 giant cockroaches
  7 hobgoblins
  13 jackals
  4 kobolds
  8 quokkas
  3 frilled lizards
  8 goblins
  5 rats
126 creatures vanquished.

Vanquished Creatures (collateral kills)
  A yak (D:7)
  An ogre (D:6)
  An orc priest (D:5)
  2 hounds (D:5)
  A worm (D:5)
6 creatures vanquished.

Vanquished Creatures (others)
  A human (D:4)
  A knight (D:7)
  2 ancestors
4 creatures vanquished.

Grand Total: 136 creatures vanquished

Notes
Turn   | Place    | Note
-------+----------+-------------------------------------------
     0 | D:1      | Pimp the Deep Elf Hunter began the quest for the Orb.
     0 | D:1      | Reached XP level 1. HP: 12/12 MP: 3/3
    64 | D:1      | Reached XP level 2. HP: 17/17 MP: 4/4
   233 | D:1      | Reached XP level 3. HP: 16/21 MP: 5/5
   549 | D:1      | Reached skill level 6 in Ranged Weapons
   866 | D:2      | Identified a scroll of acquirement
   866 | D:2      | Acquired 868 gold pieces
   916 | D:2      | Found a faded altar of an unknown god.
  1016 | D:2      | Reached XP level 4. HP: 26/26 MP: 6/6
  1054 | D:2      | Noticed Natasha
  1064 | D:2      | Killed Natasha
  1168 | D:2      | Noticed Natasha
  1178 | D:2      | Killed Natasha
  1445 | D:2      | Noticed Natasha
  1455 | D:2      | Killed Natasha
  1456 | D:2      | Reached XP level 5. HP: 21/31 MP: 7/7
  1676 | D:3      | Found an opulent altar of Gozag.
  1682 | D:3      | Noticed a phantom
  1876 | D:4      | Found a glowing drain.
  1896 | Sewer    | Entered a sewer
  1945 | Sewer    | Noticed a water moccasin
  1968 | Sewer    | Killed a water moccasin
  1969 | Sewer    | Reached skill level 7 in Ranged Weapons
  1969 | Sewer    | Reached XP level 6. HP: 8/36 MP: 8/8
  2119 | D:4      | Found an ancient bone altar of Kikubaaqudgha.
  2121 | D:4      | Noticed a human
  2122 | D:4      | Killed a human
  2133 | D:4      | Found a staircase to the Ecumenical Temple.
  2142 | Temple   | Entered the Ecumenical Temple
  2336 | Temple   | Became a worshipper of Hepliaklqana the Forgotten
  2706 | D:4      | Reached skill level 8 in Ranged Weapons
  2706 | D:4      | Reached XP level 7. HP: 40/41 MP: 9/9
  3033 | D:5      | Entered Level 5 of the Dungeon
  3038 | D:5      | Noticed Pikel
  3081 | D:5      | Noticed Edmund
  3100 | D:5      | Killed Edmund
  3101 | D:5      | Reached skill level 5 in Dodging
  3101 | D:5      | Reached * piety under Hepliaklqana
  3160 | D:5      | Found a sparkling altar of Nemelex Xobeh.
  3281 | D:5      | Found a hide-covered altar of Uskayaw.
  3380 | D:5      | Reached skill level 5 in Stealth
  3441 | D:5      | Killed Pikel
  3442 | D:5      | Reached skill level 9 in Ranged Weapons
  3442 | D:5      | Reached XP level 8. HP: 34/43 MP: 10/10
  3498 | D:5      | Identified the +4 short sword of Terror {venom, rPois}
  3684 | D:5      | Reached skill level 10 in Ranged Weapons
  3766 | D:5      | Found a broken altar of Ashenzari.
  4041 | D:6      | Gained mutation: You are dopey. (Int -2) [potion of
                  | mutation]
  4041 | D:6      | Gained mutation: You are very dopey. (Int -4) [potion of
                  | mutation]
  4042 | D:6      | Lost mutation: You are very dopey. (Int -4) [potion of
                  | mutation]
  4042 | D:6      | Lost mutation: You are dopey. (Int -2) [potion of mutation]
  4042 | D:6      | Gained mutation: You are resistant to electric shocks.
                  | (rElec) [potion of mutation]
  4042 | D:6      | Gained mutation: You do not regenerate when monsters are
                  | visible. [potion of mutation]
  4113 | D:6      | You fall into a shaft and drop 1 floor!
  4172 | D:7      | Reached ** piety under Hepliaklqana
  4173 | D:7      | Remembered your ancestor Gibbon as a knight
  4358 | D:7      | Reached skill level 11 in Ranged Weapons
  4358 | D:7      | Reached XP level 9. HP: 46/46 MP: 11/11
  4373 | D:7      | Reached skill level 1 in Short Blades
  4390 | D:7      | Found an ornate altar of the Wu Jian Council.
  4390 | D:7      | Noticed Prince Ribbit
  4421 | D:7      | Slain by Prince Ribbit

Illustrated notes

Levels and vault maps discovered:
D:1:      ncdulo_halloftheorcs, layout_basic, minmay_bisected
D:2:      layout_loops_cross, ebering_ecumenical_altar_petrified,
          grunt_decor_clamped, uniq_natasha
D:3:      layout_rooms, mainiacjoe_overflow_concentric_impassable,
          uniq_crazy_yiuf_cottage
D:4:      layout_cave_pools, tgw_kikubaaqudgha, minmay_temple_entry_junction,
          serial_bayou, serial_bayou_lagoon_a, serial_bayou_ford_a,
          serial_bayou_pond_a, serial_bayou_pond_e, gup_sewer_entry_pipe,
          dk_noncrumbling_3
D:5:      layout_basic, mainiacjoe_overflow_alcove_2,
          mainiacjoe_overflow_catch_the_wave, st_stairs_12, uniq_edmund,
          uniq_pikel
D:6:      kennysheep_housing_project, layout_loops_ring
D:7:      layout_loops_ring, old_standard_altar, uniq_joseph,
          uniq_prince_ribbit1
Temple:   grunt_temple_mini_profane

Skill      XL: |  1  2  3  4  5  6  7  8  9 |
---------------+----------------------------+-----
Stealth        | 2 3 4 5 6 7 |  7.1
Fighting       | 2 3 4 |  4.7
Dodging        | 3 4 5 6 7 |  7.0
Ranged Weapons | 6 7 8 9 11 | 11.3
Short Blades   | 1 |  1.3

Action                     |  1- 3 |  4- 6 |  7- 9 || total
---------------------------+-------+-------+-------++-------
  Melee: Dagger            |       |    75 |    58 ||   133
         Punch             |       |     2 |     1 ||     3
   Fire: Shortbow          |   136 |   131 |   117 ||   384
 Invoke: Ancestor Identity |       |       |     1 ||     1
         Ancestor Life: Kn |       |       |     1 ||     1
    Use: Scroll            |     1 |       |    10 ||    11
         Potion            |       |     6 |     4 ||    10
 Armour: Leather armour    |    42 |    32 |     4 ||    78
         Scale mail        |       |       |    35 ||    35
  Dodge: Dodged            |   101 |    78 |    55 ||   234
